Map: King Sejong Station LE

Players

Gracz - Winner!

  • Race: Zerg Zerg
  • League: Bronze

Cfu

  • Race: Zerg Zerg
  • League: Bronze

VOD

Have the link to the VOD?

Description

Time

  • Played on: Aug. 28, 2016, 5:08 p.m.
  • Length: 30:08
Show
View Real Time Build Order
Export as new Build Order

Gracz Zerg - Winner!

Build Orders: Hatch First 

Get SALT Encoding   

  12  0:18  Drone x2  
  14  0:42  Overlord  
  14  0:56  Hatchery  
  13  1:04  Drone  
  13  1:05  Drone x2  
  16  1:15  Spawning Pool  
  16  1:16  Extractor  
  16  1:17  Drone  
  15  1:32  Drone  
  16  1:50  Drone  
  17  2:08  Extractor  
  17  2:10  Zergling x6  
  19  2:22  Drone x2  
  21  2:26  Drone  
  22  2:34  Drone  
  23  3:11  Metabolic Boost  
  22  3:52  Zergling x6  
  22  3:54  Zergling x6  
  28  4:36  Overlord x2  
  28  4:41  Roach Warren  
  25  4:54  Queen  
  27  5:01  Drone x3  
  30  5:08  Zergling x4  
  30  5:10  Zergling x2  
  33  5:16  Queen  
  35  5:50  Overlord x2  
  35  6:06  Drone  
  35  6:09  Drone x2  
  38  6:12  Drone x2  
  40  6:22  Queen  
  42  6:27  Drone x2  
  42  6:28  Drone x2  
  46  7:07  Drone  
  47  7:10  Roach x2  
  51  7:20  Overlord x2  
  51  7:31  Lair  
  51  7:36  Ravager  
  52  7:46  Baneling Nest  
  52  7:50  Ravager  
  52  8:11  Drone x2  
  49  9:03  Spire  
  48  9:12  Zergling x6  
  48  9:13  Zergling x10  
  56  9:35  Baneling x6  
  56  10:03  Extractor  
  56  10:06  Extractor  
  54  10:07  Baneling x2  
  54  10:10  Roach x3  
  54  10:11  Roach x3  
  54  10:12  Glial Reconstitution  
  66  10:16  Centrifical Hooks  
  66  10:20  Overlord x3  
  66  10:52  Mutalisk x6  
  78  11:36  Mutalisk x6  
  90  11:41  Overlord x2  
  90  11:55  Mutalisk  
  92  13:05  Mutalisk x2  
  92  13:06  Mutalisk  
  98  13:18  Mutalisk  
  98  13:19  Mutalisk x4  
  108  13:21  Overlord  
  108  13:28  Hatchery  
  107  14:20  Mutalisk  
  107  14:21  Mutalisk x3  
  115  14:51  Mutalisk  
  115  14:52  Mutalisk x2  
  121  15:27  Drone  
  122  15:29  Overlord  
  122  15:30  Overlord x2  
  122  16:01  Mutalisk x2  
  122  16:02  Mutalisk x3  
  132  16:08  Zergling x2  
  132  16:09  Zergling x4  
  132  16:10  Zergling x8  
  139  16:38  Roach x3  
  145  16:44  Overlord  
  143  17:22  Mutalisk x5  
  145  17:25  Overlord x2  
  153  17:33  Overlord  
  153  17:34  Overlord  
  153  17:50  Zerg Flyer Weapons Level 1  
  153  17:51  Tunneling Claws  
  153  18:10  Mutalisk, Overlord x2  
  153  18:11  Mutalisk x3  
  161  18:18  Mutalisk  
  161  18:19  Mutalisk x3  
  169  18:21  Mutalisk x2  
  169  18:25  Zergling x12  
  179  18:38  Extractor  
  178  18:52  Roach  
  178  18:53  Roach x6  
  192  20:23  Overseer  
  97  22:32  Mutalisk x6  
  60  23:57  Mutalisk x7  
  74  24:06  Hatchery  
  73  24:30  Queen  
  75  24:31  Hatchery  
  32  26:34  Extractor, Drone x2  
  32  26:36  Drone x3  
  32  27:05  Extractor  
  32  27:06  Drone x2  
  33  27:30  Drone x3  
  33  27:35  Extractor  
  35  28:16  Zergling x8  
  35  28:17  Zergling x22  
  50  28:27  Queen  
  54  28:44  Mutalisk  
  54  28:45  Mutalisk x5  
  54  28:58  Mutalisk x2  
  54  28:59  Mutalisk x2  
  62  29:24  Hatchery  
Show
View Real Time Build Order
Export as new Build Order

Cfu Zerg 

Build Orders: Pool First 

Get SALT Encoding   

  12  0:01  Drone  
  13  0:10  Drone  
  14  0:28  Spawning Pool  
  14  0:33  Overlord  
  13  0:38  Drone  
  14  0:53  Drone  
  14  0:54  Drone  
  16  1:00  Drone  
  17  1:07  Drone  
  18  1:20  Extractor  
  18  1:21  Zergling x2  
  18  1:27  Queen  
  18  1:30  Zergling x2  
  21  1:41  Zergling x2  
  22  2:00  Hatchery  
  21  2:02  Overlord  
  21  2:05  Drone  
  22  2:16  Overlord  
  22  2:20  Queen  
  24  2:25  Zergling x2  
  25  2:43  Zergling x4  
  27  2:45  Drone x2  
  27  2:49  Extractor  
  28  2:52  Zergling x2  
  28  2:56  Lair  
  29  3:13  Drone x2  
  29  3:15  Metabolic Boost  
  31  3:20  Queen  
  31  3:33  Drone x2  
  33  3:35  Zergling x2  
  33  3:36  Zergling x4  
  33  3:39  Zergling x2  
  37  3:56  Queen  
  39  4:07  Roach Warren  
  38  4:14  Drone x2  
  38  4:15  Drone  
  38  4:16  Evolution Chamber, Overlord  
  40  4:18  Overlord  
  40  4:19  Zergling x2  
  40  4:23  Drone  
  42  4:25  Drone  
  42  4:29  Drone  
  44  4:40  Drone  
  45  4:56  Drone  
  45  4:57  Drone  
  48  5:00  Drone x4  
  51  5:17  Queen  
  51  5:20  Roach  
  55  5:24  Zerg Melee Weapons Level 1  
  55  5:46  Hatchery  
  55  5:49  Overlord  
  54  5:50  Zergling x2  
  54  5:51  Zergling x2  
  54  5:53  Pneumatized Carapace  
  54  5:54  Zergling x2  
  54  5:55  Zergling x6  
  60  6:05  Baneling Nest  
  60  6:06  Overlord  
  60  6:10  Drone x2  
  60  6:11  Drone x3  
  63  6:15  Queen  
  66  6:18  Drone  
  66  6:22  Extractor  
  66  6:24  Extractor  
  65  6:30  Zergling x2  
  66  6:54  Zergling x6  
  67  6:56  Zergling x2  
  67  6:57  Zergling x2  
  71  7:07  Centrifical Hooks  
  71  7:31  Queen  
  71  7:33  Drone x3  
  76  7:41  Baneling x5  
  76  7:42  Baneling x2  
  76  7:43  Baneling  
  76  7:46  Zergling x10  
  76  7:47  Zergling x2  
  76  7:51  Overlord x3  
  82  8:04  Overseer  
  82  8:08  Queen  
  84  8:15  Glial Reconstitution  
  84  8:19  Zerg Missile Weapons Level 1  
  84  8:30  Spire  
  84  8:32  Infestation Pit  
  81  8:50  Baneling x2  
  81  8:51  Baneling x5  
  81  8:54  Zergling x10  
  81  8:55  Zergling x4  
  88  8:57  Zergling x4  
  88  8:58  Zergling x2  
  88  8:59  Drone  
  88  9:00  Drone x2  
  94  9:46  Hatchery  
  93  9:58  Lair  
  93  9:59  Drone x3  
  96  10:01  Hatchery  
  95  10:13  Zerg Ground Armor Level 1  
  95  10:17  Drone  
  95  10:45  Drone  
  95  10:46  Drone x3  
  99  10:50  Extractor  
  99  10:53  Extractor  
  97  11:01  Queen  
  97  11:03  Drone  
  100  11:37  Queen  
  102  11:56  Queen  
  102  11:57  Drone  
  102  11:58  Drone x2  
  107  12:04  Zerg Flyer Weapons Level 1  
  107  12:06  Mutalisk x5  
  117  12:11  Overlord x4  
  117  12:21  Spore Crawler  
  117  12:22  Spore Crawler  
  115  12:27  Drone x2  
  117  12:37  Spine Crawler  
  116  12:41  Spine Crawler  
  115  12:47  Spine Crawler  
  115  12:48  Drone x2  
  115  12:49  Queen  
  118  12:53  Spine Crawler  
  117  13:05  Mutalisk x2  
  117  13:06  Mutalisk x3  
  117  13:08  Zergling x2  
  117  13:09  Zergling x14  
  117  13:10  Zergling x6  
  138  13:17  Drone x3  
  141  13:38  Hive  
  141  13:40  Drone  
  142  13:43  Overlord x2  
  142  13:44  Overlord x5  
  142  13:58  Zerg Flyer Armor Level 1  
  142  14:37  Lair  
  142  14:41  Mutalisk x4  
  142  14:42  Mutalisk x2  
  154  15:08  Lair  
  154  15:10  Drone x5  
  154  15:11  Mutalisk x4  
  167  15:14  Drone x2  
  167  15:15  Extractor x2, Drone  
  168  15:30  Extractor  
  168  15:32  Extractor  
  166  15:35  Lair  
  166  15:36  Drone x2  
  166  15:37  Drone  
  169  15:56  Spore Crawler  
  168  15:58  Spore Crawler  
  168  15:59  Spore Crawler  
  168  16:01  Spine Crawler  
  165  16:36  Zerg Flyer Weapons Level 2  
  165  16:38  Zerg Melee Weapons Level 2  
  165  16:42  Tunneling Claws  
  165  16:46  Adrenal Glands  
  165  16:52  Mutalisk x4  
  173  16:55  Hive  
  173  16:57  Mutalisk  
  173  17:00  Zergling x6  
  173  17:01  Zergling x14  
  182  17:02  Zergling x6  
  182  17:03  Overlord  
  188  17:40  Drone x3  
  191  17:45  Mutalisk x4  
  191  17:51  Zergling x2  
  200  17:58  Spore Crawler  
  200  18:01  Spore Crawler  
  198  18:44  Spore Crawler  
  197  18:55  Baneling x3  
  197  18:56  Baneling x5  
  197  20:10  Zerg Flyer Weapons Level 3  
  197  20:12  Zerg Missile Weapons Level 2  
  197  20:20  Pathogen Glands  
  197  20:45  Spine Crawler  
  197  20:46  Spine Crawler  
  195  20:51  Hatchery  
  194  21:07  Overlord  
  194  21:08  Overlord x4  
  194  21:09  Overlord x3  
  194  21:12  Overlord  
  194  21:16  Neural Parasite  
  194  21:22  Spore Crawler  
  194  21:24  Spore Crawler  
  192  21:26  Spine Crawler  
  192  21:30  Spine Crawler  
  190  21:33  Hive  
  120  22:12  Mutalisk x4  
  120  22:13  Mutalisk x5  
  120  22:14  Mutalisk x4  
  117  22:15  Mutalisk x3  
  106  22:24  Mutalisk x6  
  106  22:25  Mutalisk x6  
  106  22:26  Mutalisk x2  
  106  22:28  Zerg Ground Armor Level 2  
  131  22:31  Zergling x10  
  131  22:37  Hive  
  134  22:43  Mutalisk  
  136  22:46  Zergling x10, Zerg Flyer Armor Level 2  
  136  22:47  Zergling x6  
  144  22:56  Queen  
  144  22:57  Drone x3  
  129  23:24  Spore Crawler  
  112  23:27  Spore Crawler  
  112  23:31  Queen  
  112  23:33  Mutalisk x7  
  123  24:02  Spore Crawler  
  122  24:04  Spore Crawler x2  
  120  24:34  Drone x3  
  123  24:39  Drone x3  
  123  24:44  Zerg Melee Weapons Level 3  
  126  24:46  Mutalisk x3  
  132  25:13  Zerg Flyer Armor Level 3  
  130  25:34  Mutalisk x5  
  130  25:35  Mutalisk  
  140  25:37  Mutalisk  
  140  25:38  Mutalisk x2  
  140  25:40  Mutalisk x3  
  140  25:42  Mutalisk x3  
  154  25:44  Mutalisk x3  
  164  26:17  Mutalisk x4  
  172  26:20  Mutalisk x3  
  178  27:06  Spore Crawler  
  178  27:08  Spore Crawler  
  176  27:27  Extractor  
  176  27:28  Spore Crawler  
  174  27:30  Extractor, Spore Crawler  
  174  27:32  Spore Crawler  
  171  28:04  Baneling x5  
  171  28:05  Baneling x5  
  171  28:06  Baneling x7  
  171  28:07  Baneling x4  
  171  28:08  Baneling  
  171  28:12  Mutalisk x5  
  173  28:19  Mutalisk  
  183  28:21  Mutalisk  
  185  29:05  Spore Crawler  
  184  29:10  Spore Crawler  
  183  29:17  Mutalisk x4  
  183  29:18  Mutalisk x4  
  183  29:22  Drone  
Tags
 
Add a new tag
Caveats
  • Supply blocks, unpowered buildings, or Contaminate may cause inaccurate times.
  • Supply counts are checked every 10 seconds.